 Dungeon Crawl Stone Soup version 0.27-a0-1071-ga85bd9520d (webtiles) character file.

Game seed: 10733878595627864308

264 voltaire321 the Ducker (level 6, 0/69 HPs)
             Began as a Djinni Gladiator on Apr 24, 2021.
             Slain by Grinder (5 damage)
             ... on level 3 of the Dungeon.
             The game lasted 00:10:42 (3402 turns).

voltaire321 the Ducker (Djinni Gladiator)           Turns: 3402, Time: 00:10:42

Health: 0/69       AC: 23    Str: 12 (13) XL:     6   Next: 19%
Gold:   72         EV:  2    Int: 10 (11) God:
                   SH:  0    Dex: 14 (15)

rFire    . . .     SeeInvis .   a - +1 long sword (freeze)
rCold    . . .     Faith    .   (no shield)
rNeg     + + +     Spirit   .   (armour currently unavailable)
rPois    ∞         Reflect  .   (helmet currently unavailable)
rElec    .         Harm     .   (cloak currently unavailable)
rCorr    .         Rampage  .   (gloves currently unavailable)
Will     .....     NoTele   +   (boots unavailable)
Stlth    +.........             (no amulet)
HPRegen  0.21/turn              (no ring)
MPRegen  0.00/turn              (no ring)

@: tree-form (expiring)
A: stationary, stasis, torment immunity, boosted hp, (fire resistance 2), (cold
vulnerability 1), float, innate caster, hp casting, extra vitality 1
a: no special abilities


You were on level 3 of the Dungeon.
You were a tree.
You visited 1 branch of the dungeon, and saw 3 of its levels.

You collected 72 gold pieces.

Inventory:

Hand Weapons
 a - a +1 long sword of freezing (weapon)
Missiles
 d - 4 throwing nets (quivered)
Armour
 c - a +0 helmet (melded)
 f - a +2 leather armour of fire resistance (melded)
 h - a +2 pair of gloves (melded)
Scrolls
 e - a scroll of fog
Potions
 n - a potion of heal wounds {unknown}
 s - a potion of degeneration
 t - a potion of brilliance {unknown}
 u - 2 potions of cancellation {unknown}
 v - a potion of ambrosia {unknown}


   Skills:
 + Level 3.2 Fighting
 + Level 3.5 Long Blades
 + Level 2.6 Throwing
 + Level 1.4 Armour
 + Level 4.2 Dodging
 + Level 1.8 Spellcasting


You had 5 spell levels left.
You knew the following spells:

 Your Spells              Type           Power      Damage    Failure   Level
a - Sting                 Tmut/Pois      16%        1d3       16%         1
b - Poisonous Vapours     Pois/Air       8%         N/A       22%         2
Your spell library was empty.

Dungeon Overview and Level Annotations

Branches:
Dungeon (3/15)

Altars:
Fedhas
Yredelemnul
Zin
The Shining One

Annotations:
D:3 Grinder


Innate Abilities, Weirdness & Mutations

You are a tree.
Your roots penetrate the ground, keeping you stationary.
You cannot be teleported.
You are immune to unholy pain and torment.
Your maximum health is greatly increased.
Your equipment is partially melded.
You are immune to poison.
((Your flesh is very heat resistant. (rF++)))
((You are vulnerable to cold. (rC-)))
You float through the air rather than walking.
You learn spells naturally, not from books.
Your magical power is your life essence.
You have superior vitality. (+4 HP)


Message History

Grinder blinks!
It was a potion of lignification.
You turn into a tree.
Your +0 helmet melds into your body.
Your +2 pair of gloves melds into your body.
Your +2 leather armour of fire resistance melds into your body.
You feel less resistant to fire.
Your roots penetrate the ground.
Grinder hits you but does no damage.
You closely miss Grinder.
Grinder is lightly wounded.
Grinder hits you but does no damage.
You hit Grinder.
Grinder is moderately wounded.
Grinder hits you but does no damage.
You hit Grinder but do no damage.
Grinder is moderately wounded.
Grinder hits you but does no damage. x2
You barely miss Grinder.
Grinder is moderately wounded.
Grinder hits you.
* * * LOW HITPOINT WARNING * * *
You barely miss Grinder.
Grinder is moderately wounded.
Grinder barely misses you.
You riposte.
You barely miss Grinder.
Grinder is moderately wounded.
You hit Grinder.
Grinder is heavily wounded.
Grinder hits you but does no damage.
You closely miss Grinder.
Grinder is heavily wounded.
Grinder barely misses you.
You hit Grinder.
Grinder is heavily wounded.
Grinder hits you.
* * * LOW HITPOINT WARNING * * *
Grinder hits you but does no damage.
You closely miss Grinder.
Grinder is heavily wounded.
Your transformation is almost over.
Grinder hits you.
You die...

*,,**,*,**,,,,,,,,,*
******,,,,,*******,** *#,****
*,,,** ##.* *,,,,* ***
*♣##..###### **,,,,**** ,,***
**....#...<.# #(,*,#...#
,,+,****,..........# #.,,,..*.*
,,**,,*,,..........# #.#,#5#.,*
******,*,,..##..♣..###..,...#,*
*****#**#.5....##..#.#.#,*
##...#.##......#.# *########
#####.##......<.# *,......#
#....####.#***** ####..##*
#...#.)...# #......#
#..###.#########
###).##..#######.## ##.##.....##
....###.......##..###.######...##


You could see Grinder.

Vanquished Creatures
  Sigmund (D:3)
  A gnoll (D:1)
  3 adders
  A white imp (D:3)
  A worm (D:2)
  3 dart slugs
  2 orcs (D:3)
  7 ball pythons
  6 endoplasms
  A giant cockroach (D:2)
  8 goblins
  4 hobgoblins
  A kobold (D:2)
  4 quokkas
  4 bats
  A frilled lizard (D:1)
  7 rats
55 creatures vanquished.

Notes
Turn   | Place    | Note
-------+----------+-------------------------------------------
     0 | D:1      | voltaire321 the Djinni Gladiator began the quest for the
                  | Orb.
     0 | D:1      | Reached XP level 1. HP: 18/18 MP: 0/0
    36 | D:1      | Reached XP level 2. HP: 13/23 MP: 0/0
   187 | D:1      | Found a faded altar of an unknown god.
   290 | D:1      | Reached XP level 3. HP: 9/29 MP: 0/0
   290 | D:1      | Learned a level 1 spell: Sting
  1354 | D:2      | Reached skill level 1 in Spellcasting
  1354 | D:2      | Reached XP level 4. HP: 25/34 MP: 0/0
  2607 | D:3      | Noticed Grinder
  2982 | D:3      | Found a basalt altar of Yredelemnul.
  2985 | D:3      | Found a glowing silver altar of Zin.
  2994 | D:3      | Found a glowing golden altar of the Shining One.
  2997 | D:3      | Found a blossoming altar of Fedhas.
  3058 | D:3      | Noticed Sigmund
  3072 | D:3      | Killed Sigmund
  3073 | D:3      | Reached skill level 1 in Armour
  3073 | D:3      | Reached skill level 4 in Dodging
  3073 | D:3      | Reached XP level 5. HP: 27/40 MP: 0/0
  3073 | D:3      | Learned a level 2 spell: Poisonous Vapours
  3073 | D:3      | Reached XP level 6. HP: 31/46 MP: 0/0
  3402 | D:3      | Slain by Grinder

Illustrated notes

Levels and vault maps discovered:
D:1:      ncdulo_watergridlock, layout_basic, shapermc_ecumenical_altar_gd,
          lemuel_old_faithful
D:2:      kennysheep_big_flooded_room, layout_loops_corners
D:3:      layout_loops_cross, grunt_temple_overflow_cloverleaf, hex_tiny,
          minmay_pentomino_pile, uniq_grinder, uniq_sigmund,
          uniq_crazy_yiuf_cottage

Skill      XL: |  1  2  3  4 |
---------------+-------------+-----
Long Blades    | 3 |  3.5
Throwing       | 2 |  2.6
Spellcasting   | 1 |  1.8
Fighting       | 3 |  3.2
Armour         | 1 |  1.4
Dodging        | 4 |  4.2

Action                   |  1- 3 |  4- 6 || total
-------------------------+-------+-------++-------
Melee: Long sword        |    85 |    68 ||   153
 Cast: Sting             |       |    15 ||    15
  Use: Scroll            |       |    12 ||    12
       Potion            |       |     3 ||     3
 Stab: Sleeping          |       |     1 ||     1
Armor: Leather armour    |    25 |    19 ||    44
       Skin              |       |     7 ||     7
Dodge: Dodged            |    81 |    34 ||   115
       Rpst.: Long sword |    21 |     9 ||    30

Table legend: (Time is in decaauts)
 A = Elapsed time spent in this place.
 B = Non-inter-level travel time spent in this place.
 C = Inter-level travel time spent in this place.
 D = Time resting spent in this place.
 E = Time spent auto-exploring this place.
 F = Levels seen in this place.
 G = Mean time per level.
                   A        B        C        D        E       F      G
               +--------+--------+--------+--------+--------+-----+--------+
         Total |   3439 |   3328 |    111 |   1041 |   1610 |   3 | 1146.3 |
       Dungeon |   3439 |   3328 |    111 |   1041 |   1610 |   3 | 1146.3 |
               +--------+--------+--------+--------+--------+-----+--------+

Top non-repeatable levels by time:
     D:2: 1357 daAuts
     D:3: 1058 daAuts
     D:1: 1023 daAuts
